 Dungeon Crawl Stone Soup version 0.24.0-13-gcf9b3192b9 (webtiles) character file.

Game seed: 9932568729373061678, levelgen mode: deterministic

141 Delamore the Chopper (level 5, -1/45 HPs)
             Began as a Hill Orc Fighter on Nov 9, 2019.
             Was an Initiate of the Shining One.
             Splashed by a jelly's acid (5 damage)
             ... on level 2 of the Dungeon.
             The game lasted 00:02:10 (1879 turns).

Delamore the Chopper (Hill Orc Fighter)             Turns: 1879, Time: 00:02:10

Health: -1/45      AC:  6    Str: 20    XL:     5   Next: 24%
Magic:  5/5        EV:  7    Int:  8    God:    the Shining One [......]
Gold:   64         SH:  9    Dex: 10    Spells: 4/4 levels left

rFire    . . .     SeeInvis .   a - +0 war axe
rCold    . . .     Gourm    .   c - +0 shield
rNeg     . . .     Faith    .   b - +0 scale mail
rPois    .         Spirit   .   (no helmet)
rElec    .         Reflect  .   (no cloak)
rCorr    .         Harm     .   (no gloves)
MR       .....                  (no boots)
Stlth    ..........             (no amulet)
HPRegen  0.15/turn              (no ring)
MPRegen  0.09/turn              (no ring)

@: glowing
A: no striking features
a: Renounce Religion


You were on level 2 of the Dungeon.
You worshipped the Shining One.
The Shining One was noncommittal.
You were not hungry.

You visited 1 branch of the dungeon, and saw 2 of its levels.

You collected 64 gold pieces.

Inventory:

Hand Weapons
 a - a +0 war axe (weapon)
Armour
 b - a +0 scale mail (worn)
 c - a +0 shield (worn)
Scrolls
 h - 2 scrolls of magic mapping {unknown}
 j - a scroll of identify {unknown}
 k - 2 scrolls of remove curse {unknown}
 l - a scroll of fear {unknown}
 m - a scroll of enchant armour {unknown}
 p - a scroll of immolation {unknown}
 r - a scroll of amnesia {unknown}
Potions
 d - a potion of might
 e - 2 potions of curing {unknown}
 g - a potion of agility {unknown}
 i - a potion of magic {unknown}
 n - a potion of berserk rage {unknown}
 o - a potion of lignification {unknown}
Comestibles
 f - 8 rations


   Skills:
 - Level 3.6 Fighting
 + Level 6.8 Axes
 - Level 3.2 Armour
 + Level 0.6 Stealth
 - Level 3.2 Shields


You had 4 spell levels left.
You didn't know any spells.
Your spell library was empty.

Dungeon Overview and Level Annotations

Branches:
Dungeon (2/15)

Altars:
The Shining One


Message History

* * * LOW HITPOINT WARNING * * *
The jelly is heavily wounded.
You block the jelly's attack.
You slash the jelly!
You kill the jelly!
You have reached level 5!
You feel stronger.
You hit the ooze.
The ooze is lightly wounded.
The ooze hits you.
* * * LOW HITPOINT WARNING * * *
You slash the ooze!
The ooze is almost dead.
The ooze hits you.
* * * LOW HITPOINT WARNING * * *
The ooze hits you but does no damage.
You hit the ooze.
You kill the ooze!
You slash the jelly!
Your hands burn!
You die...

.#... ###########............[
.... ###########.##### ..
#?.....##.####### #.)†(.. ..
#P..P..#.#.#....###.)#### ##
#......#.#.#.....##(.# ..
#..P.÷.#.#'#......)).# #####
#÷÷..JJ#.#........'..# ....#
#...PJJ#.#........'.## ###.#
#....÷.#@#.......##.# #.#
#..÷...J##......##### #.#
#......########## ### #.# #######
#.. #.#
########################.# #.#
#.....................##.#
###.####.###################'##.#
......##.# #........#.#
......##.# #...<....#.#


You could see a jelly.

Vanquished Creatures
  2 jellies (D:2)
  7 oozes (D:2)
  4 leopard geckos (D:1)
  A ball python (D:1)
  A giant cockroach (D:1)
  2 goblins (D:1)
  2 hobgoblins (D:1)
  6 jackals
  14 kobolds
  6 bats (D:1)
  2 frilled lizards
  3 rats (D:1)
50 creatures vanquished.

Vanquished Creatures (others)
  12 toadstools (D:2)
12 creatures vanquished.

Grand Total: 62 creatures vanquished

Notes
Turn   | Place    | Note
-------+----------+-------------------------------------------
     0 | D:1      | Delamore the Hill Orc Fighter began the quest for the Orb.
     0 | D:1      | Reached XP level 1. HP: 19/19 MP: 1/1
    22 | D:1      | Reached skill level 3 in Axes
   108 | D:1      | Reached XP level 2. HP: 12/26 MP: 2/2
   429 | D:1      | Reached skill level 4 in Axes
   667 | D:1      | Reached XP level 3. HP: 25/31 MP: 3/3
  1561 | D:2      | Found a glowing golden altar of the Shining One.
  1574 | D:2      | Became a worshipper of the Shining One
  1651 | D:2      | Reached skill level 5 in Axes
  1864 | D:2      | Reached XP level 4. HP: 24/39 MP: 4/4
  1868 | D:2      | Reached skill level 6 in Axes
  1875 | D:2      | Reached XP level 5. HP: 8/45 MP: 5/5
  1879 | D:2      | Splashed by a jelly's acid

Levels and vault maps discovered:
D:1:      dpeg_arrival_oval, layout_loops_corners, glass_columns_a,
          nrook_campfire
D:2:      cheibrodos_fertilizer, layout_basic, nicolae_tso_carved_into_rock

Skill      XL: |  1  2  3  4 |
---------------+-------------+-----
Axes           | 3 4 5 6 |  6.8
Fighting       | |  3.6
Armour         | |  3.2
Stealth        | |  0.6
Shields        | |  3.2

Action                   |  1- 3 |  4- 6 || total
-------------------------+-------+-------++-------
Melee: War axe           |   126 |    15 ||   141
  Eat: Chunk             |     3 |       ||     3
Armor: Scale mail        |    58 |     3 ||    61
Dodge: Dodged            |    31 |     1 ||    32
Block: Shield            |    78 |     6 ||    84
